 Dungeon Crawl Stone Soup version 0.23.2-40-g277498a001 (webtiles) character file.

Game seed: 11530498366935177984

8304 OrcJesus the Grappler (level 11, -1/165 (169) HPs)
             Began as a Troll Berserker on Aug 27, 2019.
             Was a High Priest of Trog.
             Slain by a gnoll sergeant
             ... wielding a +0 spear of piercing
              (2 damage)
             ... on level 10 of the Dungeon.
             The game lasted 00:16:43 (8268 turns).

OrcJesus the Grappler (Troll Berserker)             Turns: 8268, Time: 00:16:44

HP:   -1/165 (169)  AC:  9    Str: 32    XL:     11   Next: 8%
MP:   10/10         EV: 10    Int:  3    God:    Trog [*****.]
Gold: 528           SH:  0    Dex: 12    Spells: 10/10 levels left

rFire    . . .     SeeInvis .     - Unarmed
rCold    + . .     Gourm    +   (no shield)
rNeg     . . .     Faith    .   F - +0 troll leather armour
rPois    .         Spirit   .   (helmet restricted)
rElec    .         Reflect  .   i - +0 cloak
rCorr    .         Harm     .   (gloves unavailable)
MR       +....                  (boots unavailable)
Stlth    ..........             (no amulet)
HPRegen  1.17/turn              s - ring of protection from cold
MPRegen  0.12/turn              t - ring of protection from magic

@: berserking (expiring), lethally poisoned (-1 -> -24), very quick
A: large, unfitting armour, claws 3, fast metabolism 3, gourmand, regeneration
1, shaggy fur 1, tough skin 3
a: Berserk, Trog's Hand, Brothers in Arms, Renounce Religion


You were on level 10 of the Dungeon.
You worshipped Trog.
Trog was extremely pleased with you.
You were very full.

You visited 1 branch of the dungeon, and saw 12 of its levels.

You collected 528 gold pieces.

Inventory:

Missiles
 d - 4 javelins of penetration (quivered)
 l - 2 javelins of returning
 v - 15 large rocks
 B - a throwing net
Armour
 a - a +0 animal skin
 i - a +0 cloak (worn)
 F - a +0 troll leather armour (worn)
Jewellery
 s - a ring of protection from cold (left claw)
 t - a ring of protection from magic (right claw)
 E - an uncursed ring of ice
Wands
 o - a wand of polymorph (15)
 u - a wand of acid (6)
 G - a wand of iceblast (8)
Scrolls
 e - 11 scrolls of remove curse
 j - 6 scrolls of identify {unknown}
 k - a scroll of blinking {unknown}
 m - 5 scrolls of teleportation {unknown}
 n - 3 scrolls of enchant armour {unknown}
 p - a scroll of enchant weapon {unknown}
 q - a scroll of amnesia {unknown}
 w - 3 scrolls of magic mapping {unknown}
 x - a scroll of noise {unknown}
 y - a scroll of immolation {unknown}
 C - a scroll of fog {unknown}
Potions
 c - 2 potions of agility {unknown}
 f - 7 potions of curing
 g - 7 potions of heal wounds {unknown}
 h - 2 potions of flight {unknown}
 r - a potion of haste
 z - a potion of invisibility {unknown}
 A - a potion of lignification {unknown}
Comestibles
 b - 23 rations


   Skills:
 + Level 8.8 Fighting
 - Level 1.0 Throwing
 - Level 2.4 Dodging
 * Level 13.7 Unarmed Combat


You had 10 spell levels left.
You didn't know any spells.
Your spell library contained the following spells:

 Spells                   Type           Power        Failure   Level  Hunger
 Sandblast                Erth           #.....       56%         1    ##.....
 Passwall                 Tmut/Erth      #.......     71%         2    ###....
 Stone Arrow              Conj/Erth      #.....       90%         3    ####...
 Petrify                  Tmut/Erth      #.......     100%        4    #####..
 Lee's Rapid Deconstruct  Erth           #.........   100%        5    ######.


Dungeon Overview and Level Annotations

Branches:
Dungeon (12/15)            Temple (0/1) D:7            Lair (0/6) D:8
    Orc (0/2) D:10

Altars:
Dithmenos
Makhleb
Nemelex Xobeh
Okawaru
Qazlal
Sif Muna
Uskayaw

Shops:
D:7 %   D:10 (


Innate Abilities, Weirdness & Mutations

You are too large for most types of armour.
You have claws for hands.
Your metabolism is lightning-fast.
You like to eat raw meat.
Your natural rate of healing is unusually fast.
You are covered in fur. (AC +1)
You have extremely tough skin. (AC +3)


Message History

You are more poisoned.
You barely miss the orc warrior.
You feel sick.
The gnoll sergeant hits you from afar with a +2 spear of piercing!
* * * LOW HITPOINT WARNING * * *
x2 The big kobold closely misses you.
The gnoll sergeant closely misses you. The orc warrior closely misses you.
You barely miss the orc warrior.
* * * LOW HITPOINT WARNING * * *
You feel sick.
You eviscerate the orc warrior!!!
You kill the orc warrior!
Trog accepts your kill.
* * * LOW HITPOINT WARNING * * *
You feel sick.
The gnoll sergeant hits you from afar with a +1 spear of venom.
* * * LOW HITPOINT WARNING * * *
You are more poisoned.
The gnoll sergeant hits you from afar with a +0 spear of piercing!
* * * LOW HITPOINT WARNING * * *
You die...

.......................
.......................
.......................
###+###########........
#.[...... #.#######
#.#8...8# #.#Kg...#
###+## #)@[g>..# .....#
#.#)....# .....#
#.#8g..8# .....#
#.#######
.....##########.#
..)..#.....)..#.#
.....#........#.#
.....#........+.
.†...'........#


You could see a big kobold and 3 gnoll sergeants.

Vanquished Creatures
  A two-headed ogre (D:9)
  A cyclops (D:11)
  Joseph (D:10)
  Psyche (D:8)
  3 trolls
  Grinder (D:4)
  Prince Ribbit (D:6)
  A spriggan (D:8)
  A hungry ghost (D:11)
  An ice beast (D:11)
  Duvessa (D:4)
  A sky beast (D:5)
  3 orc warriors
  2 necrophages
  9 ogres
  A phantom (D:8)
  4 centaurs
  6 big kobolds
  Blork the orc (D:6)
  2 gnoll sergeants (D:10)
  8 bullfrogs
  Dowan (D:4)
  3 scorpions
  4 howler monkeys
  2 crimson imps
  2 centaur zombies
  4 bullfrog zombies
  5 hounds
  9 orc wizards
  3 orc priests (D:7)
  2 bullfrog skeletons
  Ijyb (D:4)
  5 iguanas
  11 worker ants
  A hound skeleton (D:5)
  12 gnolls
  2 worker ant zombies
  9 adders
  2 shadow imps
  An ooze (D:5)
  An adder zombie (D:5)
  An adder skeleton (D:9)
  4 worms
  4 dart slugs
  6 leopard geckos
  56 orcs
  5 giant cockroaches
  7 goblins
  5 hobgoblins
  8 jackals
  14 kobolds
  5 quokkas
  6 ball pythons
  A ball python zombie (D:6)
  9 bats
  4 frilled lizards
  A quokka skeleton (D:4)
  5 rats
271 creatures vanquished.

Vanquished Creatures (others)
  A plant (D:1)
1 creature vanquished.

Grand Total: 272 creatures vanquished

Notes
Turn   | Place    | Note
-------+----------+-------------------------------------------
     0 | D:1      | OrcJesus the Troll Berserker began the quest for the Orb.
     0 | D:1      | Reached XP level 1. HP: 22/22 MP: 0/0
   135 | D:1      | Reached XP level 2. HP: 26/29 MP: 1/1
   302 | D:1      | Reached ** piety under Trog
   341 | D:1      | Reached XP level 3. HP: 36/36 MP: 2/2
   463 | D:1      | Reached skill level 1 in Throwing
   897 | D:2      | Reached skill level 4 in Unarmed Combat
  1331 | D:2      | Found a sparkling altar of Nemelex Xobeh.
  1451 | D:3      | Reached XP level 4. HP: 45/45 MP: 3/3
  1497 | D:3      | Reached *** piety under Trog
  2163 | D:3      | Received a gift from Trog
  2326 | D:4      | Reached skill level 5 in Unarmed Combat
  2326 | D:4      | Reached XP level 5. HP: 50/53 MP: 4/4
  2327 | D:4      | Noticed Grinder
  2333 | D:4      | Paralysed by Grinder for 5 turns
  2339 | D:4      | Killed Grinder
  2339 | D:4      | Reached skill level 6 in Unarmed Combat
  2339 | D:4      | Reached XP level 6. HP: 62/62 MP: 5/5
  2532 | D:4      | Reached XP level 7. HP: 34/70 MP: 6/6
  2728 | D:4      | Found a burning altar of Makhleb.
  2899 | D:4      | Noticed Ijyb
  2902 | D:4      | Killed Ijyb
  2941 | D:4      | Noticed Duvessa
  2943 | D:4      | Noticed Dowan
  2947 | D:4      | Killed Duvessa
  2947 | D:4      | Reached skill level 7 in Unarmed Combat
  2953 | D:4      | Killed Dowan
  3095 | D:5      | Entered Level 5 of the Dungeon
  3096 | D:5      | Found a hide-covered altar of Uskayaw.
  3098 | D:5      | Noticed a +0 hand axe
  3099 | D:5      | Noticed a +0 dagger
  3221 | D:5      | Reached **** piety under Trog
  3280 | D:5      | Reached skill level 8 in Unarmed Combat
  3282 | D:5      | Reached skill level 5 in Fighting
  3359 | D:5      | Reached XP level 8. HP: 77/77 MP: 7/7
  4197 | D:6      | Noticed Blork the orc
  4201 | D:6      | Killed Blork the orc
  4201 | D:6      | Reached skill level 9 in Unarmed Combat
  4371 | D:6      | Found a deep blue altar of Sif Muna.
  4403 | D:6      | Found a shadowy altar of Dithmenos.
  4449 | D:6      | Noticed Prince Ribbit
  4455 | D:6      | Killed Prince Ribbit
  4512 | D:6      | Received a gift from Trog
  4512 | D:6      | Reached skill level 10 in Unarmed Combat
  4515 | D:6      | Reached XP level 9. HP: 46/86 MP: 8/8
  5162 | D:7      | Found a stormy altar of Qazlal.
  5195 | D:7      | Found Mimeoset's Food Shop.
  5465 | D:7      | Found a staircase to the Ecumenical Temple.
  6088 | D:8      | Reached ***** piety under Trog
  6198 | D:8      | Reached skill level 11 in Unarmed Combat
  6516 | D:8      | Noticed Psyche
  6525 | D:8      | Killed Psyche
  6765 | D:8      | Found a staircase to the Lair.
  7307 | D:9      | Noticed a two-headed ogre
  7314 | D:9      | Killed a two-headed ogre
  7314 | D:9      | Reached skill level 12 in Unarmed Combat
  7314 | D:9      | Reached XP level 10. HP: 99/99 MP: 9/9
  7685 | D:9      | You fall through a shaft for 3 floors!
  7708 | D:11     | Noticed a cyclops
  7719 | D:11     | Killed a cyclops
  7719 | D:11     | Received a gift from Trog
  7836 | D:10     | Entered Level 10 of the Dungeon
  7875 | D:9      | Reached skill level 13 in Unarmed Combat
  8005 | D:9      | Found an iron altar of Okawaru.
  8098 | D:10     | Found Ytuliyrcho's Antique Weapon Shop.
  8195 | D:10     | Noticed Joseph
  8203 | D:10     | Killed Joseph
  8237 | D:10     | Found a staircase to the Orcish Mines.
  8252 | D:10     | Reached XP level 11. HP: 110/110 MP: 10/10
  8268 | D:10     | HP: 8/165 [gnoll sergeant/+1 spear of venom (3)]
  8268 | D:10     | HP: 1/165 [gnoll sergeant/+0 spear of piercing (7)]
  8268 | D:10     | Slain by a gnoll sergeant

Skill      XL: |  1  2  3  4  5  6  7  8  9 10 |
---------------+-------------------------------+-----
Throwing       | 1 |  1.0
Unarmed Combat | 4 5 6 8 10 12 13 | 13.7
Fighting       | 3 4 5 6 7 8 |  8.8
Dodging        | |  2.4

Action                   |  1- 3 |  4- 6 |  7- 9 | 10-12 || total
-------------------------+-------+-------+-------+-------++-------
Melee: Unarmed           |   127 |   136 |   338 |   145 ||   746
       Punch             |     1 |     3 |    12 |     6 ||    22
Invok: Berserk           |       |     2 |     5 |     3 ||    10
  Use: Scroll            |       |       |     1 |       ||     1
 Stab: Sleeping          |     2 |     1 |       |       ||     3
  Eat: Chunk             |    19 |    11 |    48 |    20 ||    98
Armor: Animal skin       |    61 |    46 |    78 |    43 ||   228
       Troll leather arm |       |       |       |    17 ||    17
Dodge: Dodged            |    70 |    45 |   118 |    77 ||   310
